 Dungeon Crawl Stone Soup version 0.30-a0-292-g0f741e3f8e (webtiles) character file.

Game seed: 816731087938458315

65 pokeman the Magician (level 3, -2/20 HPs)
             Began as a Deep Elf Hedge Wizard on Oct 17, 2022.
             Slain by a goblin
             ... wielding a +0 club
             ... led by Robin
              (3 damage)
             ... on level 2 of the Dungeon.
             The game lasted 00:02:40 (1865 turns).

pokeman the Magician (Deep Elf Hedge Wizard)        Turns: 1865, Time: 00:02:41

Health: -2/20      AC:  3    Str:  7    XL:     3   Next: 94%
Magic:  4/11       EV: 12    Int: 20    God:
Gold:   78         SH:  0    Dex: 14    Spells: 4/12 levels left

rFire   + . .      SeeInvis .    e - +0 war axe
rCold   x . .      Faith    .    (no shield)
rNeg    . . .      Spirit   .    b - +0 robe
rPois   .          Reflect  .    c - +0 hat
rElec   .          Harm     .    (no cloak)
rCorr   .          Rampage  .    (no gloves)
Will    .....                    h - +0 pair of boots
Stlth   ++........               (no amulet)
HPRegen 0.23/turn                f - ring of fire
MPRegen 0.12/turn                g - ring of flight

@: flying
A: no striking features
a: no special abilities


You were on level 2 of the Dungeon.
You visited 1 branch of the dungeon, and saw 2 of its levels.

You collected 78 gold pieces.

Inventory:

Hand Weapons
 e - a +0 war axe (weapon)
Armour
 b - a +0 robe (worn)
 c - a +0 hat (worn)
 h - a +0 pair of boots (worn)
Jewellery
 f - a ring of fire (left hand)
 g - a ring of flight (right hand)
Scrolls
 a - a scroll of identify {unknown}
Potions
 d - a potion of magic
 i - a potion of cancellation {unknown}


   Skills:
 - Level 1.0 Fighting
 + Level 1.1 Armour
 + Level 2.5 Dodging
 - Level 2.4 Stealth
 * Level 5.4 Spellcasting
 + Level 2.0 Conjurations
 - Level 1.1 Summonings
 - Level 1.1 Translocations


You had 4 spell levels left.
You knew the following spells:

 Your Spells              Type           Power      Damage    Failure   Level
a - Magic Dart            Conj           52%        1d5       4%          1
b - Mephitic Cloud        Conj/Pois/Air  8%         N/A       26%         3
c - Call Imp              Summ           9%         N/A       11%         2
d - Blink                 Tloc           18%        N/A       11%         2

Your spell library contained the following spells:

 Spells                   Type           Power      Damage    Failure   Level
 Slow                     Hex            20%        N/A       11%         1
 Cigotuvi's Dreadful Rot  Necr/Pois/Air  10%        N/A       17%         2


Dungeon Overview and Level Annotations

Branches:
Dungeon (2/15)

Altars:

Shops:
D:1 (


Message History

You hit the goblin.
You kill the goblin!
Robin hits you with a +0 trident. The goblin barely misses you.
The goblin attacks as you move away! The goblin hits you but does no damage.
The goblin closely misses you.
Robin cries.
Robin barely misses you.
You hit Robin.
Robin is almost dead.
You closely miss the goblin. The goblin hits you but does no damage.
Robin gestures wildly.
You hit Robin.
You kill Robin!
You hit the goblin. The goblin misses you.
The goblin hits you with a +0 club. x2
Your Conjurations skill increases to level 2!
Unknown command.
You hit the goblin.
You kill the goblin!
You closely miss the goblin. The goblin barely misses you.
You barely miss the goblin. You hit the goblin.
The goblin hits you but does no damage. The goblin barely misses you.
The goblin hits you with a +0 club. x2
* * * LOW HITPOINT WARNING * * *
Casting: Mephitic Cloud (extremely dangerous; 26% risk of failure)
Confirm with . or Enter, or press ? or * to list all spells.
Aiming: Magic Dart (safe; 4% risk of failure)
Press: ? - help, Shift-Dir - straight line, f - goblin
Aim: a goblin, wielding a +0 club (severely wounded, 100% to hit)
The magic dart hits the goblin.
You kill the goblin!
The goblin hits you with a +0 club.
* * * LOW HITPOINT WARNING * * *
Casting: Magic Dart (safe; 4% risk of failure)
Confirm with . or Enter, or press ? or * to list all spells.
Aiming: Magic Dart (safe; 4% risk of failure)
Press: ? - help, Shift-Dir - straight line, f - goblin
Aim: a goblin, wielding a +0 club and wearing a +0 leather armour (100% to hit)
The magic dart hits the goblin but does no damage.
The goblin hits you with a +0 club.
You die...

##. .# #...)...#
#.......### ##
+...∩...'.# #.
#.......#.# ##.
#.......#.# ..
##.....##.# #.
####+###..#
#)####........##
#)@g.#.########
####)..#
#...)### #.####
#


You could see a goblin.

Vanquished Creatures
  Robin (D:2)
  An adder (D:2)
  3 dart slugs
  2 bats (D:2)
  An endoplasm (D:2)
  3 giant cockroaches (D:1)
  2 hobgoblins (D:2)
  2 jackals (D:1)
  2 kobolds (D:1)
  A quokka (D:2)
  3 ball pythons
  3 frilled lizards
  10 goblins
  3 rats
37 creatures vanquished.

Notes
Turn   | Place    | Note
-------+----------+-------------------------------------------
     0 | D:1      | pokeman the Deep Elf Hedge Wizard began the quest for the
                  | Orb.
     0 | D:1      | Reached XP level 1. HP: 10/10 MP: 7/7
   350 | D:1      | Found Reiroho's Weapon Emporium.
   477 | D:1      | Reached XP level 2. HP: 16/16 MP: 4/9
  1015 | D:1      | Found a faded altar of an unknown god.
  1221 | D:2      | Noticed Robin
  1308 | D:2      | Reached skill level 5 in Spellcasting
  1512 | D:2      | Reached XP level 3. HP: 12/20 MP: 4/11
  1516 | D:2      | Learned a level 3 spell: Mephitic Cloud
  1519 | D:2      | Learned a level 2 spell: Call Imp
  1522 | D:2      | Learned a level 2 spell: Blink
  1852 | D:2      | Reached skill level 1 in Fighting
  1854 | D:2      | Reached skill level 1 in Armour
  1861 | D:2      | Killed Robin
  1864 | D:2      | HP: 1/20 [goblin/+0 club[Robin] (3)]
  1865 | D:2      | Slain by a goblin

Illustrated notes

Levels and vault maps discovered:
D:1:      dpeg_arrival_refuge, layout_loops_corners,
          shapermc_ecumenical_altar_mp_vishouse, serial_shops,
          nicolae_shop_bloodbath_and_beyond, st_stairs_7, nrook_campfire,
          chequers_garden
D:2:      layout_loops_cross, kennysheep_flooded_box, uniq_robin

Skill      XL: |  1  2  3 |
---------------+----------+-----
Spellcasting   | 5 |  5.4
Fighting       | 1 |  1.0
Armour         | 1 |  1.1
Conjurations   | 2 |  2.0
Dodging        | |  2.5
Stealth        | |  2.4
Summonings     | |  1.1
Translocations | |  1.1

Action                   || total
-------------------------++-------
Melee: War axe           ||    28
 Cast: Magic Dart        ||    78
       Mephitic Cloud    ||     3
 Stab: Sleeping          ||     2
Armor: Robe              ||    11
Dodge: Dodged            ||    35

Table legend: (Time is in decaauts)
 A = Elapsed time spent in this place.
 B = Non-inter-level travel time spent in this place.
 C = Inter-level travel time spent in this place.
 D = Time resting spent in this place.
 E = Time spent auto-exploring this place.
 F = Levels seen in this place.
 G = Mean time per level.
                   A        B        C        D        E       F      G
               +--------+--------+--------+--------+--------+-----+--------+
         Total |   1877 |   1778 |     99 |      0 |   1554 |   2 |  938.5 |
       Dungeon |   1877 |   1778 |     99 |      0 |   1554 |   2 |  938.5 |
               +--------+--------+--------+--------+--------+-----+--------+

Top non-repeatable levels by time:
     D:1: 1251 daAuts
     D:2: 626 daAuts
